 Dungeon Crawl Stone Soup version 0.32-a0-607-g64ea0e4219 (webtiles) character file.

Game seed: 4204421749696061066

3046 Sobieck the Arsonist (level 9, -8/75 HPs)
             Began as a Mountain Dwarf Fire Elementalist on Mar 3, 2024.
             Was a Believer of Vehumet.
             Mangled by Amaemon
             ... wielding a +1 demon whip of venom
              (13 damage)
             ... on level 8 of the Dungeon.
             The game lasted 00:14:08 (8786 turns).

Sobieck the Arsonist (MDFE)                         Turns: 8786, Time: 00:14:08

Health: -8/75      AC:  4    Str: 10    XL:     9   Next: 56%
Magic:  9/16       EV: 12    Int: 21    God:    Vehumet [**....]
Gold:   352        SH:  0    Dex: 16    Spells: 9/17 levels left

rFire   + . .        e - +3 dagger (speed)
rCold   x . .        (no shield)
rNeg    . . .        a - +0 robe
rPois   .            i - +2 hat
rElec   .            (no cloak)
rCorr   .            (no gloves)
SInv    .            (no boots)
Will    .....        j - amulet of magic regeneration
Stlth   ++           f - +6 ring of dexterity
HPRegen 0.32/turn    l - ring of fire
MPRegen 0.55/turn

%: no passive effects
@: lethally poisoned (-8 -> -44), about to teleport, slowed, very slow
A: runic magic, artefact enchanting
a: Renounce Religion


You were on level 8 of the Dungeon.
You worshipped Vehumet.
Vehumet was pleased with you.
You visited 2 branches of the dungeon, and saw 9 of its levels.
You also visited: Sewer.

You collected 376 gold pieces.
You spent 24 gold pieces at shops.

Inventory:

Hand Weapons
 e - a +3 dagger of speed (weapon)
Armour
 a - a +0 robe (worn)
 h - a +1 plate armour of willpower
 i - a +2 hat (worn)
Jewellery
 f - a +6 ring of dexterity (left hand)
 j - an amulet of magic regeneration (around neck)
 l - a ring of fire (right hand)
 o - a +6 ring of dexterity
Wands
 g - a wand of light (25)
 E - a wand of charming (15)
 V - a wand of flame (24)
Scrolls
 c - a scroll of revelation
 d - a scroll of noise
 q - a scroll of vulnerability
 R - 2 scrolls of identify
 T - 3 scrolls of teleportation
Potions
 b - a potion of magic
 k - a potion of heal wounds {unknown}
 m - a potion of might {unknown}
 n - a potion of cancellation {unknown}
 p - a potion of ambrosia {unknown}
 H - a potion of haste
 Q - a potion of curing


   Skills:
 + Level 6.0 Fighting
 - Level 5.0 Armour
 - Level 1.3 Dodging
 - Level 1.4 Stealth
 + Level 4.8 Spellcasting
 + Level 5.0 Conjurations
 * Level 10.3 Fire Magic


You had 9 spell levels left.
You knew the following spells:

 Your Spells              Type           Power      Damage    Failure   Level
a - Foxfire               Conj/Fire      100%       2x1d9     1%          1
b - Scorch                Fire           100%       2d9       1%          2
c - Flame Wave            Conj/Fire      54%        2d13      4%          4
d - Sandblast             Erth           10%        2d5       11%         1

Your spell library contained the following spells:

 Spells                   Type           Power      Damage    Failure   Level
 Dazzling Flash           Conj/Hex       30%        N/A       12%         3
 Inner Flame              Hex/Fire       40%        N/A       4%          3
 Volatile Blastmotes      Fire/Tloc      80%        2d16      4%          3


Dungeon Overview and Level Annotations

Branches:
Dungeon (8/15)             Temple (1/1) D:4           Sewer (visited)
   Lair: D:8-11

Altars:
Ashenzari
Cheibriados
Dithmenos
Elyvilon
Fedhas
Hepliaklqana
Kikubaaqudgha
Makhleb
Nemelex Xobeh
Okawaru
Qazlal
Ru
Sif Muna
Vehumet
Xom
Yredelemnul

Shops:
D:2 *   D:5 :

Annotations:
D:8 Amaemon


Innate Abilities, Weirdness & Mutations

Your spellcasting is much less encumbered by armour.
You can use scrolls of enchantment on lesser artefacts.


Message History

A steam dragon comes into view.
You feel a surge of power!
You conjure some foxfire!
The foxfire hits Amaemon.
Amaemon is lightly wounded.
The foxfire hits Amaemon.
Amaemon is moderately wounded.
Casting: Foxfire (safe; 1% risk of failure)
Confirm with . or Enter, or press ? or * to list all spells.
You feel a surge of power!
Flames lash the orange demon.
The orange demon is moderately wounded.
The orange demon's fire resistance burns away.
The foxfire hits Amaemon.
Amaemon is moderately wounded.
The foxfire hits Amaemon but does no damage.
Amaemon is moderately wounded.
Casting: Scorch (safe; 1% risk of failure)
Confirm with . or Enter, or press ? or * to list all spells.
You feel a surge of power!
Flames lash Amaemon.
Amaemon is moderately wounded.
Amaemon's fire resistance burns away.
The orange demon stings you from afar!
You are poisoned.
You have difficulty breathing.
You feel yourself slow down.
Amaemon hits you with a +1 demon whip of venom!
* * * LOW HITPOINT WARNING * * *
You are more poisoned.
Amaemon claws you.
* * * LOW HITPOINT WARNING * * *
Amaemon tail-slaps you but does no damage.
Casting: Scorch (safe; 1% risk of failure)
Confirm with . or Enter, or press ? or * to list all spells.
You feel a surge of power!
Flames lash the steam dragon.
The steam dragon is heavily wounded.
The steam dragon's fire resistance burns away.
* * * LOW HITPOINT WARNING * * *
You feel extremely sick. The orange demon closely misses you.
Amaemon hits you with a +1 demon whip of venom.
* * * LOW HITPOINT WARNING * * *
Amaemon barely misses you. Amaemon tail-slaps you.
* * * LOW HITPOINT WARNING * * *
You are more poisoned.
Amaemon poisons you!
Unknown command.
As you read the scroll of teleportation, it crumbles to dust.
You feel strangely unstable.
* * * LOW HITPOINT WARNING * * *
You feel extremely sick. The orange demon stings you from afar.
* * * LOW HITPOINT WARNING * * *
Amaemon hits you with a +1 demon whip of venom!
You die...

........# #.####..#
#.. #.# #..# #..
#.####..# ##.#
#.[.....# #...
#######.# #..# #.#
#.###.4###.# #.#
#....D6....# #.#
#.@# #.# #..#
#.#######..#
#.##..%....######.#
#....####.........#
###### ###########


You could see Amaemon (combustible), an orange demon (curare, combustible) and a
steam dragon (combustible).

Vanquished Creatures
  A water moccasin (D:7)
  2 acid dragons
  2 sky beasts
  Pargi (Sewer)
  An orc warrior (D:4)
  2 ice beasts
  4 ogres
  A black bear (D:4)
  A brain worm (Sewer)
  2 bullfrogs (D:6)
  2 scorpions
  A gnoll sergeant (D:7)
  A howler monkey (D:8)
  2 bombardier beetles
  3 jellies
  8 orc priests
  4 hounds
  2 sleepcaps
  4 iguanas
  Natasha (thrice) (D:3)
  8 orc wizards
  16 gnolls
  11 adders
  A shadow imp (D:6)
  A white imp (D:7)
  2 ufetubi (D:6)
  4 dart slugs
  40 orcs
  7 endoplasms
  5 giant cockroaches
  7 goblins
  7 hobgoblins
  3 jackals (D:1)
  A quokka (D:1)
  7 ball pythons
  5 bats
  4 frilled lizards
  7 kobolds
  12 rats
195 creatures vanquished.

Vanquished Creatures (others)
  851 foxfires
851 creatures vanquished.

Grand Total: 1046 creatures vanquished

Notes
Turn   | Place    | Note
-------+----------+-------------------------------------------
     0 | D:1      | Sobieck the Mountain Dwarf Fire Elementalist began the
                  | quest for the Orb.
     0 | D:1      | Reached XP level 1. HP: 14/14 MP: 3/3
    71 | D:1      | Reached skill level 1 in Conjurations
   236 | D:1      | Reached XP level 2. HP: 22/22 MP: 0/4
   363 | D:1      | Reached skill level 4 in Fire Magic
   561 | D:1      | Reached skill level 1 in Fighting
   931 | D:2      | Reached XP level 3. HP: 28/28 MP: 1/6
   935 | D:2      | Learned a level 2 spell: Scorch
  1334 | D:2      | Reached XP level 4. HP: 35/35 MP: 7/7
  1682 | D:2      | Found Bimmad Byro's General Store.
  1761 | D:2      | Bought a scroll of identify for 24 gold pieces
  1856 | D:3      | Reached skill level 5 in Fire Magic
  1925 | D:3      | Reached XP level 5. HP: 41/41 MP: 0/8
  2002 | D:3      | Reached skill level 1 in Armour
  2508 | D:3      | Noticed Natasha
  2514 | D:3      | Killed Natasha
  2634 | D:3      | Noticed Natasha
  2644 | D:3      | Killed Natasha
  2645 | D:3      | Reached XP level 6. HP: 43/50 MP: 0/10
  2754 | D:3      | Noticed Natasha
  2758 | D:3      | Killed Natasha
  2885 | D:3      | Reached skill level 6 in Fire Magic
  2890 | D:3      | Learned a level 4 spell: Flame Wave
  3393 | D:4      | Found a staircase to the Ecumenical Temple.
  3402 | Temple   | Entered the Ecumenical Temple
  3420 | Temple   | Became a worshipper of Vehumet
  3453 | D:4      | Reached skill level 3 in Fighting
  3636 | D:4      | Reached skill level 3 in Spellcasting
  3636 | D:4      | Reached XP level 7. HP: 57/57 MP: 0/11
  4447 | D:4      | Reached skill level 3 in Conjurations
  4609 | D:4      | Reached * piety under Vehumet
  4609 | D:4      | Offered knowledge of Sandblast by Vehumet.
  4612 | D:4      | Learned a level 1 spell: Sandblast
  4724 | D:4      | Reached skill level 3 in Armour
  4724 | D:4      | Reached skill level 7 in Fire Magic
  5378 | D:5      | Entered Level 5 of the Dungeon
  5446 | D:5      | Reached XP level 8. HP: 54/66 MP: 5/13
  5530 | D:5      | Found Elugop's Book Boutique.
  5545 | D:5      | Reached skill level 8 in Fire Magic
  6248 | D:6      | Found a glowing drain.
  6251 | Sewer    | Entered a sewer
  6260 | Sewer    | Noticed Pargi
  6269 | Sewer    | Killed Pargi
  6270 | Sewer    | Reached skill level 9 in Fire Magic
  6671 | D:6      | Reached XP level 9. HP: 74/74 MP: 11/15
  6962 | D:6      | Reached ** piety under Vehumet
  6962 | D:6      | Offered knowledge of Kiss of Death by Vehumet.
  7602 | D:7      | Found a shadowy altar of Dithmenos.
  8315 | D:7      | Reached skill level 10 in Fire Magic
  8319 | D:7      | Offered knowledge of Dazzling Flash by Vehumet.
  8630 | D:8      | Reached skill level 6 in Fighting
  8775 | D:8      | Noticed Amaemon
  8778 | D:8      | Noticed an orange demon
  8786 | D:8      | Mangled by Amaemon

Illustrated notes

Levels and vault maps discovered:
D:1:      zaba_arrival_water, layout_loops_ring, minivault_24
D:2:      layout_rooms, serial_shops, shop
D:3:      layout_basic, st_stairs_11, serial_bayou_pond_b, uniq_natasha
D:4:      layout_cave_pools, minmay_temple_entry_ruins, guppyfry_early_orc_mine
D:5:      layout_rooms, serial_shops, shop, supply_closet_lemuel
D:6:      layout_loops_corners, mainiacjoe_sewer_entry_somewhere_in_here_1
D:7:      layout_loops_corners, nicolae_dithmenos_shadow_blocks
D:8:      layout_loops_ring, enter_bailey_8, guppyfry_shop_venom, uniq_amaemon,
          uniq_jeremiah
Temple:   bh_familiar_temple

Skill      XL: |  1  2  3  4  5  6  7  8  9 |
---------------+----------------------------+-----
Conjurations   | 1 2 3 4 5 |  5.0
Fire Magic     | 4 5 6 7 9 10 | 10.3
Spellcasting   | 2 3 4 |  4.8
Fighting       | 1 2 3 4 5 6 |  6.0
Armour         | 1 2 3 4 5 |  5.0
Dodging        | |  1.3
Stealth        | |  1.4

Action                     |  1- 3 |  4- 6 |  7- 9 || total
---------------------------+-------+-------+-------++-------
  Melee: Unarmed           |    14 |       |       ||    14
         Dagger            |    35 |    18 |    12 ||    65
   Cast: Foxfire           |    46 |   160 |   278 ||   484
         Scorch            |       |     4 |    45 ||    49
  Evoke: Wand              |       |       |     1 ||     1
    Use: Scroll            |       |     7 |     6 ||    13
         Potion            |       |       |     3 ||     3
 Armour: Robe              |    31 |    22 |    97 ||   150
  Dodge: Dodged            |    35 |    13 |    58 ||   106

Table legend: (Time is in decaauts)
 A = Elapsed time spent in this place.
 B = Non-inter-level travel time spent in this place.
 C = Inter-level travel time spent in this place.
 D = Time resting spent in this place.
 E = Time spent auto-exploring this place.
 F = Levels seen in this place.
 G = Mean time per level.
                   A        B        C        D        E       F      G
               +--------+--------+--------+--------+--------+-----+--------+
         Total |   8744 |   8426 |    318 |    883 |   6200 |  10 |  874.4 |
       Dungeon |   8404 |   8120 |    284 |    847 |   6012 |   8 | 1050.5 |
        Temple |     35 |      1 |     34 |      0 |      0 |   1 |   35.0 |
         Sewer |    303 |    303 |      0 |     36 |    188 |   1 |  303.0 |
               +--------+--------+--------+--------+--------+-----+--------+

Top non-repeatable levels by time:
     D:3: 2092 daAuts
     D:4: 1385 daAuts
     D:6: 1239 daAuts
     D:7: 1028 daAuts
     D:1: 925 daAuts
     D:2: 914 daAuts
     D:5: 630 daAuts
   Sewer: 303 daAuts
     D:8: 189 daAuts
  Temple: 35 daAuts
